 Dungeon Crawl Stone Soup version 0.20.1-1-g8b1a95d (webtiles) character file.

119 Fanghorn the Skirmisher (level 5, 0/43 HPs)
             Began as a Barachi Abyssal Knight on July 5, 2017.
             Was a Believer of Lugonu.
             Killed from afar by an orc wizard (3 damage)
             ... with a puff of flame
             ... on level 3 of the Dungeon.
             The game lasted 00:15:53 (2268 turns).

Fanghorn the Skirmisher (Barachi Abyssal Knight)    Turns: 2268, Time: 00:15:53

Health: 0/43       AC:  5    Str: 14    XL:     5   Next: 3%
Magic:  6/6        EV: 11    Int: 12    God:    Lugonu [**....]
Gold:   157        SH:  0    Dex: 12    Spells: 4/4 levels left

rFire    . . .     SeeInvis .   a - +1 spear
rCold    . . .     Gourm    .   (no shield)
rNeg     . . .     Faith    .   j - +0 ring mail
rPois    .         Spirit   .   (no helmet)
rElec    .         Reflect  .   (no cloak)
rCorr    .         Harm     .   (no gloves)
MR       .....                  (no boots)
Stlth    +.........             (no amulet)
Regen    0.2/turn               (no ring)
MPRegen  0.1/turn               (no ring)

@: slow
A: +LOS, swims, slowness 1, strong legs 1
a: Hop, Depart the Abyss, Bend Space, Renounce Religion


You were on level 3 of the Dungeon.
You worshipped Lugonu.
Lugonu was pleased with you.
You were not hungry.

You visited 1 branch of the dungeon, and saw 3 of its levels.
You visited the Abyss 1 time.

You collected 157 gold pieces.

Inventory:

Hand Weapons
 a - a +1 spear (weapon)
 d - a cursed +0 mace
 u - a +0 rapier
Missiles
 t - a throwing net (quivered)
Armour
 b - a +0 leather armour
 j - a +0 ring mail (worn)
 m - a +0 leather armour
 n - a +0 leather armour
 q - a +0 chain mail
 v - a +0 chain mail
 w - a +0 leather armour
Jewellery
 x - an uncursed ring of magical power {unknown}
Scrolls
 e - a scroll of blinking {unknown}
 g - 2 scrolls of teleportation
 i - a scroll of fear {unknown}
 k - a scroll of enchant weapon {unknown}
 o - a scroll of remove curse {unknown}
 r - a scroll of immolation {unknown}
Potions
 h - a potion of heal wounds {unknown}
 l - 2 potions of brilliance {unknown}
 p - 2 potions of haste {unknown}
 s - a potion of flight {unknown}
Comestibles
 c - 2 bread rations
 f - 3 fruits


   Skills:
 + Level 4.3 Fighting
 + Level 3.3 Polearms
 + Level 3.2 Armour
 + Level 2.6 Dodging
 + Level 0.4 Stealth
 + Level 1.6 Invocations


You had 4 spell levels left.
You didn't know any spells.

Dungeon Overview and Level Annotations

Branches:
Dungeon (3/15)

Altars:
Hepliaklqana
Trog


Innate Abilities, Weirdness & Mutations

Shadows flee at your approach. (+LOS)
You can swim through water.
You cover ground slowly.
You can hop short distances.


Message History

The orc wizard is moderately wounded.
You hear the rapid rusting of a very distant drain.
The orc wizard hits you but does no damage.
You hit the orc wizard.
The orc wizard is severely wounded.
The orc wizard gestures at you while chanting.
The magic dart hits you!
* * * LOW HITPOINT WARNING * * *
You miss the orc wizard.
The orc wizard is severely wounded.
The orc wizard points at you and mumbles some strange words.
The puff of frost hits you!
* * * LOW HITPOINT WARNING * * *
The orc wizard hits you with a dagger.
* * * LOW HITPOINT WARNING * * *
You barely miss the orc wizard.
The orc wizard is severely wounded.
The orc wizard casts a spell at you. The puff of flame hits you!
You die...

#...# #.....## ###.# #.....#
#######.# #.....# #....##.#
#.....# #....'..# #.....#
#....#### #{....# ###.##
#######..)..# #.#
#.or.##.....#
#####.#######@##.##.....#
#.............##.###..###
#................o.o..#
#............<.##.##..#
#..............##.##(####
#.......................#
#...............#.##....#
#.................##.#..####
#..........................#


You could see an orc wizard and a rat.

Vanquished Creatures
  An orc wizard (D:3)
  An adder (D:2)
  A gnoll (D:1)
  An ooze (D:3)
  A worm (D:2)
  2 dart slugs
  4 leopard geckos
  2 orcs (D:3)
  2 giant cockroaches
  9 goblins
  5 hobgoblins
  A quokka (D:2)
  A ball python (D:2)
  11 bats
  8 kobolds
  3 rats
53 creatures vanquished.

Notes
Turn   | Place    | Note
-------+----------+-------------------------------------------
     0 | Abyss:1  | Fanghorn the Barachi Abyssal Knight began the quest for the Orb.
     0 | Abyss:1  | Reached XP level 1. HP: 18/18 MP: 2/2
     5 | Abyss:1  | Found a corrupted altar of Lugonu.
    29 | Abyss:1  | Noticed a small abomination
    31 | Abyss:1  | Noticed a thrashing horror
    32 | Abyss:1  | Noticed a thrashing horror
    35 | D:1      | Escaped the Abyss
   149 | D:1      | Reached XP level 2. HP: 20/25 MP: 3/3
   198 | D:1      | Reached * piety under Lugonu
   583 | D:1      | Reached skill level 4 in Fighting
   610 | D:1      | Reached XP level 3. HP: 11/30 MP: 4/4
  1558 | D:2      | Found a bloodstained altar of Trog.
  1573 | D:2      | Reached XP level 4. HP: 24/38 MP: 5/5
  2185 | D:3      | Found a hazy altar of Hepliaklqana.
  2205 | D:3      | Reached XP level 5. HP: 39/43 MP: 6/6
  2258 | D:3      | Reached ** piety under Lugonu
  2268 | D:3      | Killed from afar by an orc wizard

Skill      XL: |  1  2  3  4 |
---------------+-------------+-----
Fighting       | 4 |  4.3
Dodging        | 2 |  2.6
Polearms       | 3 |  3.3
Armour         | 3 |  3.2
Stealth        | |  0.4
Invocations    | |  1.6

Action                   |  1- 3 |  4- 6 || total
-------------------------+-------+-------++-------
Melee: Spear             |   135 |    87 ||   222
Invok: Depart the Abyss  |     1 |       ||     1
  Use: Scroll            |       |     4 ||     4
  Eat: Meat ration       |     1 |       ||     1
Armor: Leather armour    |    46 |    22 ||    68
       Ring mail         |       |    28 ||    28
Dodge: Dodged            |    80 |    78 ||   158
